[Event "Titled Tuesday Blitz November 01 Late 2022"]
[White "Budisavljevic, Luka"]
[Black "Bazeev, German"]
[WhiteFideId "960047"]
[BlackFideId "24119350"]
[WhiteElo "2424"]
[BlackElo "2493"]
[Result "1/2-1/2"]
[Round "04"]
[TimeControl "180+1"]
[Date "2022.11.02"]
[WhiteClock "0:00:20"]
[BlackClock "0:00:14"]

1. c4 e5 2. Nc3 Nf6 3. e3 Bb4 4. Qc2 O-O 5. Nge2 Re8 6. a3 Bf8 7. b4 a5 8. b5 b6 9. Ng3 Bb7 10. Bb2 d6 11. f3 Nbd7 12. Be2 g6 13. O-O h5 14. Rae1 Bh6 15. Bd1 h4 16. Nge4 Nh5 17. d4 exd4 18. exd4 Nf4 19. Ne2 f5 20. Nxf4 Bxf4 21. Nf2 Rxe1 22. Rxe1 Qf8 23. Nd3 Bh6 24. c5 Bd5 25. Qf2 Bg5 26. c6 Nf6 27. Nc1 h3 28. Bb3 Qf7 29. Bxd5 Qxd5 30. gxh3 Kf7 31. Ne2 Re8 32. Nc3 Rxe1+ 33. Qxe1 Qxf3 34. Nd1 Ne4 35. d5 Qxh3 36. Bd4 Bf4 37. Qe2 Qxa3 38. Nf2 Qc1+ 39. Kg2 Qb1 40. Nxe4 Qxe4+ 41. Qxe4 fxe4 42. Bxb6 a4 43. Bxc7 a3 44. Ba5 Be5 45. c7 a2 46. c8=Q a1=Q 47. Qe6+ Kg7 48. Qe7+ Kg8 49. Qe6+ Kh7 50. Qe7+ Kg8 51. Qe8+ Kh7 52. Qe7+ Bg7 53. Bd2 Qb2 54. Qg5 Qxb5 55. h4 Qd3 56. h5 Qf3+ 57. Kg1 Qxh5 58. Qxh5+ gxh5 59. Kf2 Be5 60. Ke3 h4 61. Kxe4 h3 62. Kf3 h2 63. Kg2 Kg6 64. Bb4 Kf5 65. Bxd6 Bxd6 66. Kh1 Ke4 67. Kg2 Kxd5 68. Kh1 Ke4 69. Kg2 h1=Q+ 70. Kxh1 1/2-1/2


[Site "https://www.chess.com"]

[Event "Titled Tuesday Blitz November 01 Late 2022"]
[White "Castellanos Gomez, Alejandro"]
[Black "Pace, Christopher"]
[WhiteFideId "22284141"]
[BlackFideId "2610167"]
[WhiteElo "2168"]
[BlackElo "2291"]
[Result "1-0"]
[Round "04"]
[TimeControl "180+1"]
[Date "2022.11.02"]
[WhiteClock "0:00:03"]
[BlackClock "0:00:15"]

1. d4 Nf6 2. Bf4 d5 3. e3 c5 4. c3 Nc6 5. Nd2 cxd4 6. exd4 Bf5 7. Qb3 Qb6 8. Ngf3 e6 9. Be2 Be7 10. O-O O-O 11. Rfe1 Rfc8 12. h3 Ne4 13. Nxe4 Bxe4 14. Nd2 Bg6 15. Bf3 Na5 16. Qxb6 axb6 17. Bxd5 b5 18. a3 Bf8 19. Bf3 h6 20. d5 exd5 21. Bxd5 Rd8 22. Bf3 Rd7 23. Bg4 Rxd2 24. Bxd2 Nb3 25. Rad1 Bc2 26. Be3 Bxd1 27. Rxd1 Na5 28. Bf3 Nc4 29. Bc1 Rb8 30. Rd7 Ne5 31. Rd5 Nxf3+ 32. gxf3 Re8 33. Kf1 b4 34. axb4 Ra8 35. Rd1 Ra2 36. Ke2 g6 37. Kd3 Kg7 38. Kc4 Kf6 39. Kb3 Ra6 40. Be3 Kf5 41. Rd5+ Kf6 42. Rb5 Ra1 43. Rxb7 Rh1 44. Bd4+ Ke6 45. Rb6+ Kf5 46. Rb7 Ke6 47. Rb6+ Kf5 48. Rb5+ Ke6 49. Rb8 Bd6 50. Re8+ Kd7 51. Rh8 h5 52. Rh7 Ke6 53. Be3 Rxh3 54. f4 Bc7 55. b5 Bxf4 56. Bxf4 f6 57. Be3 g5 58. b6 1-0


[Site "https://www.chess.com"]

[Event "Titled Tuesday Blitz November 01 Late 2022"]
[White "Chigaev, Maksim"]
[Black "Iliaguev, Nisim"]
[WhiteFideId "4108116"]
[BlackFideId "2817276"]
[WhiteElo "2537"]
[BlackElo "2264"]
[Result "1-0"]
[Round "04"]
[TimeControl "180+1"]
[Date "2022.11.01"]
[WhiteClock "0:00:07"]
[BlackClock "0:00:15"]

1. Nf3 Nf6 2. c4 c5 3. Nc3 g6 4. d4 cxd4 5. Nxd4 Nc6 6. e4 Nxd4 7. Qxd4 Bg7 8. e5 Ng8 9. Bf4 Nh6 10. O-O-O O-O 11. Qd2 Nf5 12. g4 Nh4 13. Bg3 e6 14. Ne4 Nf3 15. Qc3 Ng5 16. Nf6+ Bxf6 17. exf6 d5 18. f3 d4 19. Qxd4 Qa5 20. h4 Nxf3 21. Qf4 Qxa2 22. Qxf3 e5 23. Qa3 Qxa3 24. bxa3 Bxg4 25. Rd6 e4 26. Kd2 Rac8 27. Ke3 Be6 28. Be2 Bxc4 29. Rc1 Bxe2 30. Rxc8 Rxc8 31. Kxe2 h6 32. Bf4 g5 33. hxg5 hxg5 34. Bxg5 Kh7 35. Rd7 Kg6 36. Bd2 Rb8 37. Bc3 a6 38. Ke3 b5 39. Kxe4 Rc8 40. Bd4 Rc1 41. Rd8 Re1+ 42. Kd5 Kf5 43. Rf8 Kg6 44. Rg8+ Kf5 45. Rg7 a5 46. Rxf7 b4 47. axb4 axb4 48. Rb7 Kg6 49. Rg7+ Kh6 50. Rg8 Rf1 51. Ke6 b3 52. f7 Re1+ 53. Kd5 1-0


[Site "https://www.chess.com"]

[Event "Titled Tuesday Blitz November 01 Late 2022"]
[White "Chojnacki, Slawomir"]
[Black "Darini, Pouria"]
[WhiteFideId "1117076"]
[BlackFideId "12502200"]
[WhiteElo "2096"]
[BlackElo "2483"]
[Result "1-0"]
[Round "04"]
[TimeControl "180+1"]
[Date "2022.11.02"]
[WhiteClock "0:02:11"]
[BlackClock "0:01:20"]

1. d4 Nf6 2. Nf3 e6 3. c3 b6 4. Bg5 Bb7 5. Nbd2 d5 6. Ne5 Be7 7. e3 O-O 8. Bd3 Nbd7 9. f4 Ne4 10. Bxe7 Qxe7 11. Nxe4 dxe4 12. Nxd7 exd3 13. Nxf8 Bxg2 14. Kd2 Bxh1 15. Qxh1 Rxf8 16. Kxd3 c5 17. Rg1 cxd4 18. exd4 1-0


[Site "https://www.chess.com"]

[Event "Titled Tuesday Blitz November 01 Late 2022"]
[White "Constantinou, Peter"]
[Black "Aggelis, Nikolaos"]
[WhiteFideId "413038"]
[BlackFideId "4213220"]
[WhiteElo "2230"]
[BlackElo "2187"]
[Result "0-1"]
[Round "04"]
[TimeControl "180+1"]
[Date "2022.11.02"]
[WhiteClock "0:00:08"]
[BlackClock "0:00:14"]

1. e4 c6 2. Nf3 d5 3. Nc3 dxe4 4. Nxe4 Bg4 5. h3 Bxf3 6. Qxf3 Nd7 7. Bc4 Ngf6 8. Ng5 e6 9. O-O h6 10. Ne4 Be7 11. d4 Nxe4 12. Qxe4 O-O 13. c3 Qc7 14. Bf4 Bd6 15. Be3 Rae8 16. Qf3 e5 17. d5 c5 18. Bd3 c4 19. Bc2 Nc5 20. Qg4 Nd3 21. Bxh6 f5 22. Qg5 Rf6 23. Qh5 Qf7 24. Qxf7+ Kxf7 25. Bd2 Bc5 26. b3 b5 27. a4 e4 28. axb5 Nxf2 29. Rxf2 e3 30. Re2 cxb3 31. Bxb3 exd2+ 32. Kf1 Rxe2 33. Kxe2 f4 34. Kxd2 f3 35. gxf3 Rxf3 36. Re1 Rf2+ 37. Kd3 Rf3+ 38. Kc4 Be7 39. Bd1 Rxh3 40. Bg4 Rg3 41. Re4 Bf6 42. Be6+ Ke7 43. Bf5+ Kd8 44. d6 Rxc3+ 45. Kd5 Rd3+ 46. Ke6 Rd4 47. Re2 Kc8 48. Rc2+ Kb7 49. Bg6 Kb6 50. Be8 Re4+ 51. Kf7 Rd4 52. d7 Rd1 53. Rc6+ Kb7 54. Ra6 Rd2 55. Kg8 Rd3 56. Kh7 Rd4 57. Rc6 Rd5 58. Kg6 Rd4 59. Kf7 Rd2 60. Ke6 Rd1 61. Kf7 Rd2 62. Kg6 Rd3 63. Kf5 Rd4 64. Rxf6 gxf6 65. Kxf6 Kc7 66. Ke7 Re4+ 67. Kf7 Kd8 68. Kf6 Rb4 69. Ke6 Rxb5 70. Kd6 Rb8 71. Kc6 a5 72. Kc5 a4 73. Bg6 a3 74. Bf7 Rb2 0-1


[Site "https://www.chess.com"]

[Event "Titled Tuesday Blitz November 01 Late 2022"]
[White "Curtis, John"]
[Black "Clawitter, Craig"]
[WhiteFideId "3200256"]
[BlackFideId "2023105"]
[WhiteElo "2203"]
[BlackElo "2322"]
[Result "0-1"]
[Round "04"]
[TimeControl "180+1"]
[Date "2022.11.02"]
[WhiteClock "0:00:11"]
[BlackClock "0:00:07"]

1. e4 e6 2. d4 d5 3. exd5 exd5 4. c4 Nf6 5. cxd5 Nxd5 6. Bc4 Bb4+ 7. Bd2 Bxd2+ 8. Qxd2 Nc6 9. Nf3 O-O 10. O-O Nb6 11. Be2 Bg4 12. Rd1 Re8 13. Nc3 Qf6 14. h3 Bh5 15. d5 Bxf3 16. Bxf3 Ne5 17. Be2 Rad8 18. Qc2 Ng6 19. a4 Nf4 20. Bb5 Re5 21. a5 Nbxd5 22. Nxd5 Nxd5 23. a6 c6 24. Bf1 b6 25. Rac1 Re6 26. Bc4 Red6 27. Bxd5 Rxd5 28. Rxd5 cxd5 29. Qc7 h6 30. Qxa7 Qxb2 31. Rd1 d4 32. Qc7 Rf8 33. Qd6 Qc2 34. Rxd4 Qc5 35. a7 Qxd6 36. Rxd6 Ra8 37. Rxb6 Rxa7 38. Rb8+ Kh7 39. Rb1 Kg6 40. Rf1 f5 41. g3 Ra2 42. Kg2 f4 43. Kg1 fxg3 44. Kg2 gxf2 45. Rxf2 Rxf2+ 46. Kxf2 Kf5 47. Kg3 g5 48. h4 g4 49. h5 Kg5 50. Kg2 Kxh5 51. Kh2 Kg5 52. Kg2 Kf4 53. Kh2 Kf3 54. Kh1 g3 55. Kg1 g2 56. Kh2 Kf2 57. Kh3 g1=Q 58. Kh4 Qg5+ 59. Kh3 Qg3# 0-1


[Site "https://www.chess.com"]

[Event "Titled Tuesday Blitz November 01 Late 2022"]
[White "Dahlgren, James Allen"]
[Black "Zilleruelo Irizarry, Diego"]
[WhiteFideId "22256873"]
[BlackFideId "3101460"]
[WhiteElo "2216"]
[BlackElo "1998"]
[Result "0-1"]
[Round "04"]
[TimeControl "180+1"]
[Date "2022.11.02"]
[WhiteClock "0:01:39"]
[BlackClock "0:01:45"]

1. e4 c6 2. Nc3 d5 3. f3 e5 4. d4 dxe4 5. dxe5 Qxd1+ 6. Kxd1 exf3 7. Nxf3 Bg4 8. Bf4 Nd7 9. Bd3 Ne7 10. Ke2 Ng6 11. Bg3 Ngxe5 12. Rhe1 O-O-O 13. Bxe5 Nxe5 14. Kf2 Nxd3+ 15. cxd3 Bxf3 16. gxf3 Rxd3 17. Re8+ Kd7 18. Re4 Bc5+ 19. Ke2 Rd6 20. Rc4 Re8+ 21. Ne4 Rd5 22. Rd1 Bb6 0-1


[Site "https://www.chess.com"]

[Event "Titled Tuesday Blitz November 01 Late 2022"]
[White "Dehtiarov, Roman"]
[Black "Martinez Alcantara, Jose Eduardo"]
[WhiteFideId "14186640"]
[BlackFideId "3805662"]
[WhiteElo "2200"]
[BlackElo "2703"]
[Result "0-1"]
[Round "04"]
[TimeControl "180+1"]
[Date "2022.11.01"]
[WhiteClock "0:01:24"]
[BlackClock "0:02:32"]

1. e4 c5 2. Nc3 d6 3. f4 e6 4. Nf3 a6 5. g3 Nf6 6. Bg2 Be7 7. O-O O-O 8. d3 Nc6 9. h3 Qc7 10. Be3 b5 11. Ne2 d5 12. e5 Nd7 13. g4 Bb7 14. d4 cxd4 15. Nexd4 Nxd4 16. Nxd4 Nc5 17. c3 Rae8 18. f5 exf5 19. Nxf5 Ne4 20. Bd4 Bc5 21. Kh1 g6 22. Nh6+ Kg7 23. Nxf7 Ng3+ 24. Kg1 Bxd4+ 25. Qxd4 Ne2+ 26. Kh2 Nxd4 27. Ng5 Qxe5+ 0-1


[Site "https://www.chess.com"]

[Event "Titled Tuesday Blitz November 01 Late 2022"]
[White "Diaz Rosas, Julio Cesar"]
[Black "Rios Escobar, Adan"]
[WhiteFideId "5105099"]
[BlackFideId "3403645"]
[WhiteElo "2246"]
[BlackElo "2360"]
[Result "1-0"]
[Round "04"]
[TimeControl "180+1"]
[Date "2022.11.02"]
[WhiteClock "0:00:17"]
[BlackClock "0:00:22"]

1. d4 Nf6 2. c4 g6 3. Nc3 Bg7 4. e4 d6 5. Nge2 a6 6. a4 Nc6 7. d5 Nb4 8. Ng3 h5 9. Be2 h4 10. Nf1 h3 11. g3 c5 12. f3 Bd7 13. Be3 Qc7 14. g4 Qa5 15. Ng3 O-O-O 16. O-O Kb8 17. f4 Qc7 18. a5 e6 19. e5 Ne8 20. exd6 Nxd6 21. Qd2 Bd4 22. Bxd4 cxd4 23. Na4 d3 24. Qxb4 dxe2 25. Rfc1 Rh4 26. c5 Nb5 27. c6 Bc8 28. Nc5 Rxg4 29. cxb7 e1=Q+ 30. Rxe1 Bxb7 31. Rac1 Rxf4 32. Nd7+ Ka8 33. Rxc7 Rxb4 34. Nb6+ Ka7 35. Rxf7 exd5 36. Ree7 Nd6 37. Rf2 Rxb6 38. axb6+ Kxb6 39. Re6 g5 40. Rc2 Ka7 41. Rg6 Nb5 42. Rd2 d4 43. Rxg5 d3 44. Rg7 Kb6 45. Kf2 Rf8+ 46. Ke3 Rd8 47. Nf5 Nc7 48. Rg6+ Ka5 49. Nd6 Nd5+ 50. Kd4 Bc6 51. Kc5 Ba8 52. Rxd3 Nb6 53. Rg5 Na4+ 54. Kd4+ Kb6 55. Ke5 Nc5 56. Rd4 Nd7+ 57. Ke6 Bc6 58. Ke7 Nc5 59. Kxd8 Ne6+ 60. Ke7 Nxd4 61. Rh5 Nf3 62. Rxh3 Ng5 63. Rb3+ Kc5 64. Kf6 Nf3 65. Nf5 Nxh2 66. Rc3+ Kd5 67. Ne7+ Kd4 68. Rxc6 Ng4+ 69. Kg7 Ne5 70. Rxa6 Kc4 71. Ra7 Kb3 72. Rb7+ Ka4 73. Nd5 Ka5 74. Nc3 Nd3 75. Rb8 Ka6 76. Kf6 Nc5 77. Kf5 Nd7 78. Rd8 Nc5 79. Rd6+ Kb7 80. Rh6 Nd3 81. Ke4 Nc5+ 82. Kd5 Nb3 83. Rh7+ Kb6 84. Ne4 Nc1 85. Rh6+ Kb5 86. Kd4 Ne2+ 87. Kd3 Nf4+ 88. Kc2 Nd5 89. Rh5 Kc4 90. Rxd5 Kxd5 91. Nc3+ Kc4 92. b3+ Kb4 93. Kb2 Kc5 94. Ka3 Kb6 95. Kb4 Ka6 96. Kc5 Kb7 97. Kb5 Kc7 98. Ka6 Kc8 99. Kb6 Kb8 100. b4 Ka8 101. Kc7 Ka7 102. b5 Ka8 103. Ne4 Ka7 104. b6+ Ka6 105. b7 Kb5 106. b8=Q+ Kc4 107. Qe8 Kd5 108. Kd7 Kd4 109. Qe6 Kd3 110. Nf6 Kd2 111. Kd6 Kc3 112. Qg4 Kb3 113. Kc5 Kc3 114. Qe4 Kb2 115. Qe3 Kb1 116. Kb4 Ka1 117. Kb3 Kb1 118. Qe1# 1-0


[Site "https://www.chess.com"]

[Event "Titled Tuesday Blitz November 01 Late 2022"]
[White "Dimitrov, Atanas"]
[Black "Karas, Marek"]
[WhiteFideId "2901315"]
[BlackFideId "14928558"]
[WhiteElo "2744"]
[BlackElo "2220"]
[Result "1-0"]
[Round "04"]
[TimeControl "180+1"]
[Date "2022.11.02"]
[WhiteClock "0:00:03"]
[BlackClock "0:00:01"]

1. e4 e6 2. d4 d5 3. Nd2 a6 4. Ngf3 c5 5. exd5 exd5 6. c3 Nf6 7. Be2 Be7 8. O-O O-O 9. dxc5 Bxc5 10. Nb3 Bb6 11. Bg5 Be6 12. Nbd4 h6 13. Bh4 g5 14. Bg3 Ne4 15. Bd3 Nxg3 16. Nxe6 fxe6 17. hxg3 Nc6 18. Qe2 Qf6 19. Rae1 Rae8 20. Nh2 e5 21. Qh5 Kg7 22. Ng4 Qd6 23. c4 e4 24. cxd5 exd3 25. Rxe8 Rxe8 26. Qxe8 Qxd5 27. Ne3 Bxe3 28. Qxe3 Ne5 29. b3 Kf6 30. Rd1 Qd6 31. f3 Kg6 32. Kf2 Qf6 33. Qe4+ Kg7 34. Qxb7+ Kg6 35. Qe4+ Kg7 36. Rd2 Qb6+ 37. Qe3 Qf6 38. Kg1 h5 39. Kh2 h4 40. gxh4 gxh4 41. Rxd3 Nxd3 42. Qxd3 Qe5+ 43. Kg1 Qe1+ 44. Qf1 Qe3+ 45. Qf2 Qc1+ 46. Kh2 Qf4+ 47. g3 Qe5 48. f4 Qc3 49. gxh4 Kf6 50. f5 Qe5+ 51. Kh3 Qc3+ 52. Qg3 Qd4 53. Qg5+ Kf7 54. Qg6+ Kf8 55. Qh6+ Kf7 56. Qe6+ Kf8 57. Qe2 Qc3+ 58. Kg4 Qg7+ 59. Kf4 Qd4+ 60. Qe4 Qd2+ 61. Ke5 Qxa2 62. Kf6 Qa1+ 63. Qe5 1-0


[Site "https://www.chess.com"]

[Event "Titled Tuesday Blitz November 01 Late 2022"]
[White "Djokic, Mihailo"]
[Black "Roman, Rodrigo"]
[WhiteFideId "976440"]
[BlackFideId "3701220"]
[WhiteElo "2315"]
[BlackElo "2001"]
[Result "1-0"]
[Round "04"]
[TimeControl "180+1"]
[Date "2022.11.02"]
[WhiteClock "0:01:22"]
[BlackClock "0:00:21"]

1. e4 c5 2. Nf3 Nc6 3. d4 cxd4 4. Nxd4 e5 5. Nb5 d6 6. a4 f5 7. N1c3 Nf6 8. exf5 Bxf5 9. Bc4 a6 10. Na3 Nd4 11. Be3 d5 12. Bd3 Bb4 13. Bxd4 exd4 14. Bxf5 dxc3 15. O-O cxb2 16. Ra2 O-O 17. Nb1 Ne4 18. Bxe4 dxe4 19. Rxb2 Qxd1 20. Rxd1 Bc5 21. c3 Rxf2 22. Rxf2 Rf8 23. Rf1 Rxf2 24. Rxf2 e3 25. Re2 Kf7 26. Kf1 Kf6 27. c4 Bd4 28. Na3 1-0


[Site "https://www.chess.com"]

[Event "Titled Tuesday Blitz November 01 Late 2022"]
[White "Drygalov, Sergey"]
[Black "Zivkovic, Nemanja"]
[WhiteFideId "24171743"]
[BlackFideId "942154"]
[WhiteElo "2528"]
[BlackElo "2372"]
[Result "1-0"]
[Round "04"]
[TimeControl "180+1"]
[Date "2022.11.01"]
[WhiteClock "0:00:05"]
[BlackClock "0:00:08"]

1. d4 Nf6 2. c4 e6 3. Nf3 b6 4. g3 Ba6 5. Qc2 Bb4+ 6. Bd2 Be7 7. e4 d5 8. cxd5 Bxf1 9. Kxf1 exd5 10. e5 Ne4 11. Nc3 Nxc3 12. bxc3 Qd7 13. Kg2 Nc6 14. h4 Nd8 15. a4 Ne6 16. a5 h6 17. h5 O-O 18. Nh4 c5 19. Nf5 Rfd8 20. Bxh6 gxh6 21. Nxh6+ Kg7 22. Nxf7 Kxf7 23. Qg6+ Kf8 24. h6 Bf6 25. Qxf6+ Qf7 26. Qh4 Kg8 27. Qg4+ Kh7 28. Rh5 Rf8 29. f4 Rg8 30. Qf5+ Qg6 31. Qxg6+ Rxg6 32. Kf3 Rag8 33. Rh3 Rf8 34. Ke3 cxd4+ 35. cxd4 Rc8 36. axb6 axb6 37. f5 Rc3+ 38. Kd2 Rgxg3 39. Rxg3 Rxg3 40. fxe6 Kxh6 41. Ra8 Rg7 42. Rf8 Re7 43. Rf6+ Kg5 44. Kc3 Rc7+ 45. Kb3 Kh5 46. Kb4 Kg5 47. Kb5 Rc4 48. e7 Rc8 49. Kxb6 Re8 50. Rf7 Kg6 51. e6 1-0


[Site "https://www.chess.com"]

[Event "Titled Tuesday Blitz November 01 Late 2022"]
[White "Dubov, Daniil"]
[Black "Putnam, Liam"]
[WhiteFideId "24126055"]
[BlackFideId "30938279"]
[WhiteElo "2791"]
[BlackElo "2082"]
[Result "1-0"]
[Round "04"]
[TimeControl "180+1"]
[Date "2022.11.01"]
[WhiteClock "0:02:26"]
[BlackClock "0:00:02"]

1. e4 c5 2. Nc3 Nc6 3. g3 g6 4. Bg2 Bg7 5. Nge2 e6 6. d3 Nge7 7. Be3 d6 8. Qd2 Rb8 9. Bh6 Bf6 10. O-O b5 11. e5 Bxe5 12. f4 Bd4+ 13. Nxd4 Nxd4 14. Ne4 Nef5 15. Bg5 Qb6 16. c3 Nc6 17. g4 c4+ 18. d4 Nfxd4 19. cxd4 d5 20. Nf6+ Kf8 21. Kh1 h6 22. Bh4 Qxd4 23. Qxd4 Nxd4 24. Rad1 Nc2 25. Bf2 Kg7 26. g5 a5 27. Rd2 Nb4 28. Ng4 h5 29. Bd4+ Kg8 30. Bxh8 Kxh8 31. Ne5 Kg7 32. a3 Na6 33. Kg1 Nc5 34. Kf2 Bb7 35. Ke3 Nb3 36. Rd4 Rc8 37. Re1 Nxd4 38. Kxd4 b4 39. axb4 axb4 40. Rc1 Kf8 41. Bf1 Ke7 42. Ra1 c3 43. bxc3 bxc3 44. Bd3 Rc7 45. Rc1 Kf8 46. Rxc3 Rxc3 47. Kxc3 Kg7 48. Kd4 f6 49. Nd7 e5+ 50. fxe5 fxg5 51. e6 Bc6 52. Ke5 g4 53. Kd6 Ba4 54. e7 Kf7 55. Bxg6+ Kxg6 56. e8=Q+ Kg5 57. Qe5+ Kh4 58. Nf6 Bc2 59. Qxh5# 1-0


[Site "https://www.chess.com"]

[Event "Titled Tuesday Blitz November 01 Late 2022"]
[White "Dzierzak, Radoslaw"]
[Black "Mekhitarian, Krikor Sevag"]
[WhiteFideId "1161407"]
[BlackFideId "2107660"]
[WhiteElo "2111"]
[BlackElo "2614"]
[Result "0-1"]
[Round "04"]
[TimeControl "180+1"]
[Date "2022.11.02"]
[WhiteClock "0:00:04"]
[BlackClock "0:00:04"]

1. e4 c5 2. Nf3 e6 3. d4 cxd4 4. Nxd4 a6 5. Nc3 Ne7 6. g3 Nbc6 7. Nb3 h5 8. h3 Ng6 9. Bg2 Qc7 10. h4 Nge5 11. Qe2 Be7 12. f4 Ng4 13. Bd2 b5 14. O-O-O Bb7 15. Rhe1 O-O 16. e5 b4 17. Ne4 a5 18. Be3 a4 19. Nbc5 b3 20. cxb3 axb3 21. a3 Nxe3 22. Qxe3 Nxe5 23. fxe5 Bxe4 24. Rxd7 Bxc5 25. Rxc7 Bxe3+ 26. Rxe3 Bxg2 27. Rxb3 Rac8 28. Rbc3 Rb8 29. b4 Rb5 30. R3c5 Rbb8 31. b5 Kh7 32. a4 Kg6 33. a5 Bd5 34. b6 Kf5 35. Kd2 Kxe5 36. Rb5 Kd6 37. Rc3 Ra8 38. Ra3 Ra6 39. Rc3 Rfa8 40. b7 Rb8 41. Rc8 Rxb7 42. Rd8+ Kc7 43. Rxb7+ Bxb7 44. Rd7+ Kxd7 0-1


[Site "https://www.chess.com"]

[Event "Titled Tuesday Blitz November 01 Late 2022"]
[White "Eljanov, Pavel"]
[Black "Vlassov, Nikolai"]
[WhiteFideId "14102951"]
[BlackFideId "4103360"]
[WhiteElo "2871"]
[BlackElo "2599"]
[Result "1-0"]
[Round "04"]
[TimeControl "180+1"]
[Date "2022.11.02"]
[WhiteClock "0:01:58"]
[BlackClock "0:02:14"]

1. c4 e5 2. g3 Nc6 3. Bg2 Nf6 4. Nc3 Bb4 5. Nd5 Nxd5 6. cxd5 Ne7 7. Nf3 Bd6 8. O-O O-O 9. d4 e4 10. Nd2 f5 11. Nc4 Rf6 12. Bg5 Rg6 13. Nxd6 Rxd6 14. f3 Rxd5 15. Qb3 c6 16. fxe4 fxe4 17. Bxe4 Qb6 18. Qxb6 axb6 19. Bxe7 1-0


[Site "https://www.chess.com"]

[Event "Titled Tuesday Blitz November 01 Late 2022"]
[White "Esipenko, Andrey"]
[Black "Matinian, Nikita"]
[WhiteFideId "24175439"]
[BlackFideId "24129100"]
[WhiteElo "2619"]
[BlackElo "2422"]
[Result "1-0"]
[Round "04"]
[TimeControl "180+1"]
[Date "2022.11.01"]
[WhiteClock "0:00:53"]
[BlackClock "0:00:05"]

1. c4 e5 2. Nc3 Nc6 3. Nf3 Nf6 4. g3 Bb4 5. Bg2 O-O 6. O-O Re8 7. d3 Bxc3 8. bxc3 e4 9. Ng5 exd3 10. exd3 h6 11. Nf3 d5 12. cxd5 Nxd5 13. Bb2 Bg4 14. h3 Bh5 15. Qb3 Nb6 16. c4 Bxf3 17. Bxf3 Nd4 18. Bxd4 Qxd4 19. Bxb7 Rad8 20. Rad1 Re2 21. Bf3 Rb2 22. Qa3 Qf6 23. Kg2 Nc8 24. d4 Rb8 25. Rfe1 Nd6 26. Qxa7 Nxc4 27. Qxc7 Nd6 28. a4 Nf5 29. Qe5 Qg6 30. Be4 Nh4+ 31. Kh2 Rb2 32. Bxg6 Nf3+ 33. Kg2 Nxe5 34. dxe5 Rxd1 35. Rxd1 fxg6 36. Ra1 Rb6 37. a5 Ra6 38. f4 Kf7 39. Kf3 Ke6 40. Ke4 g5 41. f5+ 1-0


[Site "https://www.chess.com"]

[Event "Titled Tuesday Blitz November 01 Late 2022"]
[White "Estrada Nieto, Julian"]
[Black "Ernst, Sipke"]
[WhiteFideId "5101018"]
[BlackFideId "1004689"]
[WhiteElo "2252"]
[BlackElo "2438"]
[Result "0-1"]
[Round "04"]
[TimeControl "180+1"]
[Date "2022.11.02"]
[WhiteClock "0:00:01"]
[BlackClock "0:00:21"]

1. e4 e6 2. d4 d5 3. Nd2 h6 4. Bd3 Nf6 5. e5 Nfd7 6. Ne2 c5 7. c3 b6 8. O-O Ba6 9. Bxa6 Nxa6 10. Nf3 g6 11. Ng3 Nc7 12. h4 h5 13. Bg5 Be7 14. Qd2 a5 15. a4 Bxg5 16. Nxg5 c4 17. Qf4 Qe7 18. Rfe1 Rf8 19. Nh7 Rh8 20. Nf6+ Kd8 21. b3 cxb3 22. Reb1 Ne8 23. Nxd7 Qxd7 24. Rxb3 Rb8 25. Rab1 Kc7 26. Rb5 Ng7 27. c4 dxc4 28. Rc1 Kb7 29. Ne4 Ka7 30. Nd6 Nf5 31. Rxc4 Nxd6 32. exd6 Rhc8 33. Rc7+ Rxc7 34. dxc7 Rc8 35. d5 Qxc7 36. Qd4 e5 37. Rxa5+ Kb7 38. Qb4 Qc1+ 39. Kh2 Qc4 40. Qxc4 Rxc4 41. Rb5 Rxh4+ 42. Kg3 Rxa4 43. d6 f6 44. d7 Rg4+ 45. Kf3 Rd4 46. g3 Kc6 47. Rb1 Rxd7 48. Rc1+ Kd5 49. Ra1 Ke6 50. Ra6 Rd3+ 51. Ke2 Rd6 52. Ke3 g5 53. f3 Kf5 54. Ra4 Rc6 55. g4+ hxg4 56. fxg4+ Ke6 57. Ra6 Kd5 58. Kd3 Kc5 0-1


[Site "https://www.chess.com"]

[Event "Titled Tuesday Blitz November 01 Late 2022"]
[White "Fernandez Guillen, Ernesto J."]
[Black "Janaszak, Dawid"]
[WhiteFideId "3512428"]
[BlackFideId "1119206"]
[WhiteElo "2786"]
[BlackElo "2556"]
[Result "1-0"]
[Round "04"]
[TimeControl "180+1"]
[Date "2022.11.02"]
[WhiteClock "0:01:10"]
[BlackClock "0:00:04"]

1. e4 c5 2. Nf3 Nc6 3. d4 cxd4 4. Nxd4 g6 5. Nc3 Bg7 6. Be3 Nf6 7. Bc4 O-O 8. Bb3 Re8 9. f3 e6 10. Nxc6 bxc6 11. Qd6 Nd5 12. exd5 exd5 13. Kf2 Rxe3 14. Kxe3 Qb6+ 15. Kd2 Bh6+ 16. f4 Qd4+ 17. Ke1 Bxf4 18. Qe7 Bd2+ 19. Kf1 Bxc3 20. bxc3 Ba6+ 21. Ke1 Qxc3+ 22. Kf2 Qd2+ 23. Kg3 g5 24. Raf1 Bxf1 25. Rxf1 Rf8 26. Rf2 Qc3+ 27. Rf3 Qd2 28. h4 h6 29. hxg5 Qxg5+ 30. Qxg5+ hxg5 31. Kg4 f6 32. Kf5 Kg7 33. Re3 Kf7 34. c4 dxc4 35. Bxc4+ d5 36. Be2 Rh8 37. Rb3 Rh2 38. Rb7+ Ke8 39. Bf3 d4 40. Bxc6+ Kd8 41. Rd7+ Kc8 42. Rxd4 Rh4 43. Rxh4 gxh4 44. Kxf6 1-0


[Site "https://www.chess.com"]

[Event "Titled Tuesday Blitz November 01 Late 2022"]
[White "Fernandez Hernandez, Gerardo"]
[Black "Rosenberg, Evan S"]
[WhiteFideId "2207400"]
[BlackFideId "2019299"]
[WhiteElo "2235"]
[BlackElo "2378"]
[Result "0-1"]
[Round "04"]
[TimeControl "180+1"]
[Date "2022.11.02"]
[WhiteClock "0:00:01"]
[BlackClock "0:01:06"]

1. e4 e5 2. Nf3 Nc6 3. Bc4 Nf6 4. Ng5 d5 5. exd5 Na5 6. Bb5+ c6 7. dxc6 bxc6 8. Bd3 Nd5 9. Ne4 f5 10. Ng3 g6 11. O-O Bd6 12. Nc3 Nf4 13. Re1 Nxd3 14. cxd3 O-O 15. b4 Nb7 16. Qb3+ Kh8 17. Bb2 Rb8 18. Na4 Qf6 19. f4 Be6 20. Qc2 Kg8 21. fxe5 Qh4 22. exd6 Qxb4 23. Qc3 Qxc3 24. Nxc3 Bf7 25. Ba3 Rfd8 26. Re2 c5 27. Rae1 Nxd6 28. Re7 Nc8 0-1


[Site "https://www.chess.com"]

[Event "Titled Tuesday Blitz November 01 Late 2022"]
[White "Fernandez Siles, Luis"]
[Black "Sabar, Ethmane Daouda"]
[WhiteFideId "2209420"]
[BlackFideId "19600097"]
[WhiteElo "2186"]
[BlackElo "1950"]
[Result "0-1"]
[Round "04"]
[TimeControl "180+1"]
[Date "2022.11.02"]
[WhiteClock "0:00:01"]
[BlackClock "0:00:30"]

1. d4 d5 2. c4 e5 3. dxe5 d4 4. a3 Nc6 5. e3 dxe3 6. Qxd8+ Kxd8 7. Bxe3 Nxe5 8. Nf3 Nxf3+ 9. gxf3 Be6 10. Nc3 c6 11. O-O-O+ Ke8 12. Ne4 h6 13. Be2 Be7 14. Rhg1 g6 15. Bd4 Rh7 16. Rge1 b6 17. c5 b5 18. f4 f5 19. Nd6+ Bxd6 20. cxd6 Kd7 21. Bf3 Bb3 22. Rd3 Bc4 23. Rc3 Kxd6 24. Be5+ Kd7 25. Rd1+ Ke7 26. b3 Be6 27. Rxc6 Rc8 28. b4 Rxc6+ 29. Bxc6 Nf6 30. Bxf6+ Kxf6 31. Bxb5 Rc7+ 32. Kb2 Rb7 33. Be2 g5 34. fxg5+ hxg5 35. Rd6 Ke5 36. Ra6 Rh7 37. Kc3 Rxh2 38. Rxa7 Rxf2 39. Bc4 Rf3+ 0-1


[Site "https://www.chess.com"]